 Dungeon Crawl Stone Soup version 0.31.0-9-g3a7656b989 (webtiles) character file.

Game seed: 14182467299416318408

108 qw the Skirmisher (level 4, 0/25 HPs)
             Began as a Deep Elf Hunter on Feb 2, 2024.
             Slain by an orc
             ... wielding a +0 mace
              (5 damage)
             ... on level 3 of the Dungeon.
             The game lasted 00:00:05 (1355 turns).

qw the Skirmisher (Deep Elf Hunter)                 Turns: 1355, Time: 00:00:06

Health: 0/25       AC:  5    Str: 10    XL:     4   Next: 58%
Magic:  6/6        EV: 11    Int: 14    God:
Gold:   116        SH:  0    Dex: 18    Spells: 3/3 levels left

rFire   . . .        a - +0 shortbow (freeze)
rCold   . . .        (shield currently unavailable)
rNeg    . . .        e - +0 ring mail
rPois   .            (no helmet)
rElec   .            (no cloak)
rCorr   .            (no gloves)
SInv    .            (no boots)
Will    .....        f - amulet of faith Stlth
                     (no ring)
HPRegen 0.24/turn    (no ring)
MPRegen 0.10/turn

%: faith
@: confused
A: no striking features
a: no special abilities


You were on level 3 of the Dungeon.
You visited 1 branch of the dungeon, and saw 3 of its levels.

You collected 116 gold pieces.


   Skills:
 - Level 1.5 Fighting
 + Level 8.0 Ranged Weapons
 - Level 2.4 Dodging
 - Level 1.2 Stealth


You had 3 spell levels left.
You didn't know any spells.
Your spell library was empty.

Inventory:

Hand Weapons
 a - a +0 shortbow of freezing (weapon)
Armour
 e - a +0 ring mail (worn)
Jewellery
 c - a ring of see invisible
 f - an amulet of faith (around neck)
Scrolls
 g - 3 scrolls of teleportation
Potions
 d - 2 potions of attraction {unknown}
 h - a potion of enlightenment {unknown}

Dungeon Overview and Level Annotations

Branches:
Dungeon (3/15)

Altars:


Message History

The orc wizard casts a spell at you. The magic dart hits you.
You shoot an arrow. The arrow hits the orc wizard.
The arrow freezes the orc wizard.
The orc wizard is almost dead.
The orc wizard closely misses you.
The orc wizard hits you but does no damage.
The orc misses you.
You shoot an arrow.
The arrow hits the orc wizard but does no damage.
The orc wizard is almost dead.
The orc wizard hits you but does no damage.
The orc wizard barely misses you. The orc misses you.
You shoot an arrow. The arrow hits the orc wizard.
The arrow freezes the orc wizard.
You kill the orc wizard!
Your Ranged Weapons skill increases to level 8!
You shoot an arrow. The arrow barely misses the orc wizard.
The orc wizard hits you but does no damage.
You shoot an arrow. The arrow barely misses the orc wizard.
The orc hits you but does no damage. The orc wizard barely misses you.
The orc hits you with a +0 mace.
The orc wizard casts a spell.
The orc wizard flickers and vanishes!
Deactivating autopickup; reactivate with Ctrl-A.
The orc barely misses you. The orc hits you with a +0 whip.
You shoot an arrow. The arrow hits the orc.
The arrow freezes the orc.
The orc is severely wounded.
The orc closely misses you.
You hear some strange, mumbled words.
You are confused.
The orc hits you but does no damage. The orc closely misses you.
Something hits you. The orc closely misses you.
The orc hits you with a +0 whip. Something hits you but does no damage.
The orc hits you with a +0 mace. The orc hits you with a +0 whip.
You hear some strange, mumbled words.
Something tries to affect you, but you resist.
The orc hits you with a +0 mace.
You die...

........ ......[
#..... #....
###... #.... #
#.oo# ### #. #%{@#
#.# .#..#...###
#.#
..........######.#
##.....#....##.#.#
............##.#.#
.#.######...##.#.#
#.## #...##.#.# #
...###........#
........###.###


You could see 2 orcs.

Vanquished Creatures
  An orc wizard (D:3)
  A gnoll (D:1)
  2 adders (D:2)
  2 dart slugs
  An orc (D:3)
  10 ball pythons
  7 endoplasms
  A giant cockroach (D:1)
  4 hobgoblins
  3 quokkas
  3 bats
  A frilled lizard (D:2)
  5 goblins
  2 kobolds (D:2)
  3 rats
46 creatures vanquished.

Notes
Turn   | Place    | Note
-------+----------+-------------------------------------------
     0 | D:1      | qw the Deep Elf Hunter began the quest for the Orb.
     0 | D:1      | Reached XP level 1. HP: 12/12 MP: 3/3
     0 | D:1      | 0 ||| qw: Version: 0.3-a-155-g5e7d8dd
     0 | D:1      | 0 ||| qw: Game counter: 367
     0 | D:1      | 0 ||| qw: Melee chars always use a shield: true
     0 | D:1      | 0 ||| qw: God list: Okawaru
     0 | D:1      | 0 ||| qw: Allow faded altars: false
     0 | D:1      | 0 ||| qw: Do Orc after clearing Dungeon:15 true
     0 | D:1      | 0 ||| qw: Do second Lair branch before Depths: true
     0 | D:1      | 0 ||| qw: Lair rune preference: random
     0 | D:1      | 0 ||| qw: Goals: Normal
     0 | D:1      | 0 ||| PLANNING D:1-11
   121 | D:1      | Reached skill level 6 in Ranged Weapons
   121 | D:1      | Reached XP level 2. HP: 15/16 MP: 4/4
   216 | D:1      | Found a faded altar of an unknown god.
   477 | D:1      | Reached XP level 3. HP: 20/20 MP: 5/5
   703 | D:1      | 703 ||| READING scroll labelled ETI PELIEVIH.
   704 | D:1      | 704 ||| READING scroll labelled UMORUTZ JYMA.
   709 | D:1      | 709 ||| READING scroll labelled YRULESHONA.
   709 | D:1      | 709 ||| IDENTIFYING 2 scrolls labelled BOAL UDWICHAUF
   710 | D:1      | 710 ||| READING 2 scrolls of brand weapon.
   710 | D:1      | 710 ||| BRANDING +0 shortbow.
   711 | D:1      | 711 ||| READING scroll of brand weapon.
   711 | D:1      | 711 ||| BRANDING +0 shortbow of flaming.
   712 | D:1      | 712 ||| DROPPING scroll of butterflies.
   802 | D:2      | Reached skill level 7 in Ranged Weapons
  1004 | D:2      | Reached XP level 4. HP: 25/25 MP: 6/6
  1115 | D:2      | 1115 ||| UPGRADING to +0 ring mail.
  1125 | D:2      | 1125 ||| DROPPING +0 leather armour.
  1126 | D:2      | 1126 ||| UPGRADING to amulet of faith.
  1131 | D:2      | 1131 ||| READING scroll labelled CUOTUA CALI.
  1342 | D:3      | 1342 ||| DRINKING cyan potion.
  1350 | D:3      | Reached skill level 8 in Ranged Weapons
  1355 | D:3      | HP: 5/25 [orc/+0 whip (3)]
  1355 | D:3      | Slain by an orc

Levels and vault maps discovered:
D:1:      dpeg_arrival_snail, layout_loops_ring, basic_ecumenical_altar,
          nicolae_grassy_gnolls
D:2:      layout_rooms
D:3:      minmay_razor_zed, layout_basic, nicolae_elevator_lobby_asterisk

Skill      XL: |  1  2  3  4 |
---------------+-------------+-----
Ranged Weapons | 6 7 8 |  8.0
Fighting       | |  1.5
Dodging        | |  2.4
Stealth        | |  1.2

Action                     |  1- 3 |  4- 6 || total
---------------------------+-------+-------++-------
   Fire: Shortbow          |    74 |    26 ||   100
    Use: Scroll            |     5 |     1 ||     6
         Potion            |       |     1 ||     1
 Armour: Leather armour    |     9 |       ||     9
         Ring mail         |       |    17 ||    17
  Dodge: Dodged            |     9 |    10 ||    19

Table legend:
 A = Non-vault XP
 B = Vault XP
 C = Vault XP percentage of total XP
 D = Non-vault monster count
 E = Vault monster count
 F = Vault count percentage of total count
                 A         B        C        D         E       F
            +---------+---------+-------+---------+---------+-------
      Total |     140 |      15 |   9.7 |      45 |       1 |   2.2
            +---------+---------+-------+---------+---------+-------
        D:1 |      37 |      15 |  28.8 |      20 |       1 |   4.8
        D:2 |      52 |       0 |   0.0 |      18 |       0 |   0.0
        D:3 |      51 |       0 |   0.0 |       7 |       0 |   0.0
            +---------+---------+-------+---------+---------+-------
